 Dungeon Crawl Stone Soup version 0.27-a0-249-g74f53ef629 (webtiles) character file.

Game seed: 1084076376858866033

3318 lunkers the Zephyrmancer (level 9, -3/62 HPs)
             Began as a Demigod Air Elementalist on Feb 3, 2021.
             Slain by an orc warrior
             ... wielding a +0 battleaxe
              (21 damage)
             ... on level 8 of the Dungeon.
             The game lasted 00:15:30 (10987 turns).

lunkers the Zephyrmancer (DgAE)                    Turns: 10987, Time: 00:15:31

Health: -3/62      AC: 12    Str: 17    XL:     9   Next: 43%
Magic:  7/23       EV: 12    Int: 25    God:
Gold:   532        SH:  0    Dex: 16    Spells: 14/21 levels left

rFire    . . .     SeeInvis .   C - +2 long sword (drain)
rCold    + . .     Faith    .   (no shield)
rNeg     . . .     Spirit   .   z - +3 leather armour {rC+}
rPois    .         Reflect  .   (no helmet)
rElec    .         Harm     .   E - +2 cloak
rCorr    .         Rampage  .   t - +0 pair of gloves
Will     .....                  j - +1 pair of boots
Stlth    +.........             (no amulet)
HPRegen  0.20/turn              b - +6 ring of strength
MPRegen  0.18/turn              f - ring of attention (curse)

@: no status effects
A: high mp 1
a: no special abilities


You were on level 8 of the Dungeon.
You visited 1 branch of the dungeon, and saw 8 of its levels.

You collected 532 gold pieces.

Inventory:

Hand Weapons
 v - a +2 war axe of freezing
 A - a +0 falchion
 C - a +2 long sword of draining (weapon)
Armour
 a - a +0 robe
 j - a +1 pair of boots (worn)
 t - a +0 pair of gloves (worn)
 z - a +3 leather armour of cold resistance (worn)
 B - +0 ice dragon scales
 D - cursed +0 swamp dragon scales
 E - a +2 cloak (worn)
Jewellery
 b - a +6 ring of strength (left hand)
 f - a cursed ring of attention (right hand)
Wands
 x - a wand of flame (5)
 y - a wand of iceblast (5)
Scrolls
 e - 2 scrolls of enchant armour
 g - 4 scrolls of amnesia
 h - a scroll of fog
 i - 4 scrolls of fear
 m - 5 scrolls of remove curse
 p - a scroll of enchant weapon
 q - 4 scrolls of teleportation
Potions
 c - 2 potions of curing
 d - a potion of heal wounds
 k - 2 potions of haste
 l - 3 potions of resistance
 n - a potion of berserk rage
 o - a potion of brilliance {unknown}
 r - 4 potions of flight
 s - a potion of might {unknown}
 u - a potion of mutation {unknown}
 w - a potion of attraction {unknown}


   Skills:
 - Level 1.7 Dodging
 - Level 1.7 Stealth
 + Level 6.9 Spellcasting
 - Level 0.8 Conjurations
 * Level 10.6 Air Magic


You had 14 spell levels left.
You knew the following spells:

 Your Spells              Type           Power        Failure   Level
a - Airstrike             Air            29%          1%          4
b - Swiftness             Air            58%          1%          2
c - Shock                 Conj/Air       100%         1%          1

Your spell library contained the following spells:

 Spells                   Type           Power        Failure   Level
 Static Discharge         Conj/Air       37%          2%          3
 Foxfire                  Conj/Fire      40%          7%          1
 Conjure Flame            Conj/Fire      10%          22%         3
 Lightning Bolt           Conj/Air       18%          22%         5
 Inner Flame              Hex/Fire       8%           26%         3
 Sticky Flame             Conj/Fire      10%          56%         4
 Fireball                 Conj/Fire      5%           89%         5
 Ignition                 Fire           4%           100%        8
 Shatter                  Erth           4%           100%        9
 Tornado                  Air            29%          100%        9


Dungeon Overview and Level Annotations

Branches:
Dungeon (8/15)             Temple (0/1) D:7
   Lair: D:8-11

Shops:
D:6 :

Annotations:
D:3 1 runed translucent door, Crazy Yiuf


Innate Abilities, Weirdness & Mutations

You have an increased reservoir of magic. (+10% MP)


Message History

The orc wizard flickers and vanishes!
Deactivating autopickup; reactivate with Ctrl-A.
Unknown command.
You are too confused!
Unknown command.
You're too confused to cast spells.
Sorry, you're not good enough to have a special ability.
You barely miss something. Something hits you but does no damage.
The orc warrior hits you with a +0 battleaxe!!
* * * LOW HITPOINT WARNING * * *
You miss something.
You hear some strange, mumbled words.
You are more confused.
The orc warrior hits you with a +0 battleaxe!!
* * * LOW HITPOINT WARNING * * *
Something hits you but does no damage.
Unknown command.
You feel better.
The orc warrior hits you with a +0 battleaxe!!
You die...

. .### ... ..#
#### #.# #.. #.#
#.# #####.####<#
#....o{@o..#
#.###o####........
# #.# #.#
#.....#.#
#.##.###o#
#...<...#
#........#
#.....#.#
####...###
#.......# ###.#
##.....## #.#
...... #.#


You could see an orc warrior, an orc priest and an orc wizard.

Vanquished Creatures
  Maggie (D:6)
  Eustachio (D:5)
  Menkaure (D:5)
  Duvessa (D:5)
  An orc warrior (D:6)
  2 sky beasts
  4 ogres
  3 centaurs
  A phantom (D:6)
  A big kobold (D:7)
  Blork the orc (D:6)
  6 bullfrogs
  Dowan (D:5)
  A scorpion (D:5)
  2 howler monkeys
  2 bullfrog zombies (D:5)
  A quasit (D:6)
  4 orc priests
  2 jellies
  2 hounds
  A bullfrog skeleton (D:7)
  4 iguanas
  Ijyb (D:5)
  8 orc wizards
  5 worker ants
  A hound skeleton (D:4)
  A worker ant zombie (D:6)
  4 gnolls
  4 adders
  A shadow imp (D:7)
  2 adder skeletons
  3 dart slugs
  5 worms
  8 leopard geckos
  22 orcs
  5 giant cockroaches
  8 goblins
  3 hobgoblins
  6 kobolds
  6 quokkas
  9 bats
  3 frilled lizards
  6 rats
154 creatures vanquished.

Vanquished Creatures (others)
  11 fungi (D:5)
  9 plants
20 creatures vanquished.

Grand Total: 174 creatures vanquished

Notes
Turn   | Place    | Note
-------+----------+-------------------------------------------
     0 | D:1      | lunkers the Demigod Air Elementalist began the quest for
                  | the Orb.
     0 | D:1      | Reached XP level 1. HP: 14/14 MP: 5/5
   236 | D:1      | Reached skill level 3 in Air Magic
   414 | D:1      | Reached XP level 2. HP: 20/20 MP: 5/7
  1629 | D:2      | Reached XP level 3. HP: 12/26 MP: 2/9
  2103 | D:2      | Reached skill level 4 in Air Magic
  2103 | D:2      | Reached XP level 4. HP: 33/33 MP: 1/10
  3378 | D:3      | Reached XP level 5. HP: 5/38 MP: 2/12
  4127 | D:3      | Found a runed translucent door.
  4128 | D:3      | Noticed Crazy Yiuf
  4134 | D:3      | Learned a level 2 spell: Swiftness
  4139 | D:3      | Learned a level 4 spell: Airstrike
  4222 | D:4      | Reached skill level 5 in Air Magic
  4771 | D:4      | Reached XP level 6. HP: 39/45 MP: 6/14
  5298 | D:5      | Entered Level 5 of the Dungeon
  5497 | D:5      | Noticed Duvessa
  5512 | D:5      | Noticed Dowan
  5597 | D:5      | Killed Duvessa
  5598 | D:5      | Reached skill level 6 in Air Magic
  5656 | D:5      | Killed Dowan
  5841 | D:5      | Reached XP level 7. HP: 49/50 MP: 2/16
  6208 | D:5      | Found a sparkling altar of Nemelex Xobeh.
  6250 | D:5      | Reached skill level 7 in Air Magic
  6604 | D:5      | Found a blossoming altar of Fedhas.
  6616 | D:5      | Noticed Ijyb
  6618 | D:5      | Killed Ijyb
  7321 | D:5      | Noticed Eustachio
  7325 | D:5      | Killed Eustachio
  7326 | D:5      | Reached skill level 5 in Spellcasting
  7326 | D:5      | Reached skill level 8 in Air Magic
  7326 | D:5      | Reached XP level 8. HP: 57/57 MP: 1/19
  7452 | D:5      | Noticed Menkaure
  7454 | D:5      | Killed Menkaure
  7507 | D:5      | Found an ornate altar of the Wu Jian Council.
  8144 | D:6      | Noticed Maggie
  8156 | D:6      | Killed Maggie
  8157 | D:6      | Reached skill level 9 in Air Magic
  8454 | D:6      | Found Qovuckop's Book Shoppe.
  8678 | D:6      | Found a stormy altar of Qazlal.
  8780 | D:6      | Found a blossoming altar of Fedhas.
  8830 | D:6      | Noticed Blork the orc
  8834 | D:6      | Killed Blork the orc
  8967 | D:6      | Reached XP level 9. HP: 62/62 MP: 12/22
  9060 | D:6      | Found a shadowy altar of Dithmenos.
  9380 | D:7      | Reached skill level 10 in Air Magic
  9572 | D:7      | Found a staircase to the Ecumenical Temple.
  9639 | D:7      | Found an ancient bone altar of Kikubaaqudgha.
  9641 | D:7      | Found an iron altar of Okawaru.
  9641 | D:7      | Found a shimmering blue altar of Sif Muna.
  9641 | D:7      | Found an opulent altar of Gozag.
  9644 | D:7      | Found a hide-covered altar of Uskayaw.
  9645 | D:7      | Found a white marble altar of Elyvilon.
  9645 | D:7      | Found a sacrificial altar of Ru.
 10987 | D:8      | Slain by an orc warrior

Illustrated notes

Levels and vault maps discovered:
D:1:      lightli_arrival_statuegarden, layout_basic, serial_forest,
          infiniplex_forest_fountain, infiniplex_forest_pool,
          infiniplex_forest_clump_diagonal, infiniplex_forest_clump_large,
          infiniplex_forest_corner_2, infiniplex_forest_side_room,
          serial_bayou_crossing
D:2:      layout_basic, minmay_misc_feat_rugged
D:3:      layout_rooms, uniq_crazy_yiuf_cottage
D:4:      layout_loops_ring
D:5:      layout_basic, lemuel_coloured_pillars_altar,
          nemelex_xobeh_ov_fountains_minmay, fedhas_altar_3, uniq_menkaure,
          uniq_duvessa, uniq_eustachio, uniq_ijyb
D:6:      layout_cave_pools, grunt_temple_overflow_forces_of_nature,
          serial_shops, nicolae_shop_stone, grunt_dithmenos_shadows,
          uniq_blork_the_orc, uniq_maggie
D:7:      layout_basic, grunt_temple_overflow_open,
          minmay_temple_entry_statues_pillars
D:8:      layout_loops_corners, erik_lair_orcish_takeover

Skill      XL: |  1  2  3  4  5  6  7  8  9 |
---------------+----------------------------+-----
Air Magic      | 3 4 5 6 8 9 10 | 10.6
Spellcasting   | 2 3 4 5 6 |  6.9
Dodging        | |  1.7
Stealth        | |  1.7
Conjurations   | |  0.8

Action                   |  1- 3 |  4- 6 |  7- 9 || total
-------------------------+-------+-------+-------++-------
Melee: Unarmed           |     2 |     5 |       ||     7
       Falchion          |       |       |     8 ||     8
       Long sword        |       |       |    10 ||    10
 Cast: Shock             |    70 |   170 |     9 ||   249
       Airstrike         |       |    12 |   115 ||   127
Evoke: Wand              |       |       |     9 ||     9
  Use: Scroll            |       |       |    13 ||    13
       Potion            |       |       |     1 ||     1
Armor: Robe              |     3 |     6 |     3 ||    12
       Leather armour    |       |       |    23 ||    23
Dodge: Dodged            |    20 |    37 |    36 ||    93
       Rpst.: Falchion   |       |       |     6 ||     6
       Long sword        |       |       |     3 ||     3

Table legend: (Time is in decaauts)
 A = Elapsed time spent in this place.
 B = Non-inter-level travel time spent in this place.
 C = Inter-level travel time spent in this place.
 D = Time resting spent in this place.
 E = Time spent auto-exploring this place.
 F = Levels seen in this place.
 G = Mean time per level.
                   A        B        C        D        E       F      G
               +--------+--------+--------+--------+--------+-----+--------+
         Total |  11007 |  10569 |    438 |   1345 |   8117 |   8 | 1375.9 |
       Dungeon |  11007 |  10569 |    438 |   1345 |   8117 |   8 | 1375.9 |
               +--------+--------+--------+--------+--------+-----+--------+

Top non-repeatable levels by time:
     D:5: 2587 daAuts
     D:7: 1666 daAuts
     D:2: 1631 daAuts
     D:1: 1546 daAuts
     D:4: 1271 daAuts
     D:3: 1175 daAuts
     D:6: 1080 daAuts
     D:8: 47 daAuts
